 Dungeon Crawl Stone Soup version 0.25.1-2-g60ff931df9 (webtiles) character file.

Game seed: 1012240389181788252

3891 pokeman the Thaumaturge (level 10, -3/55 HPs)
             Began as a Deep Elf Wizard on Nov 15, 2020.
             Was an Initiate of Vehumet.
             Slain by a centaur (5 damage)
             ... on level 8 of the Dungeon.
             The game lasted 00:20:10 (9572 turns).

pokeman the Thaumaturge (Deep Elf Wizard)           Turns: 9572, Time: 00:20:11

Health: -3/55      AC:  6    Str:  4    XL:     10   Next: 0%
Magic:  14/28      EV:  8    Int: 27    God:    Vehumet [......]
Gold:   571        SH:  0    Dex: 13    Spells: 22/33 levels left

rFire    . . .     SeeInvis .   r - +2 trident (venom)
rCold    . . .     Gourm    .   (no shield)
rNeg     . . .     Faith    .   v - +0 leather armour
rPois    .         Spirit   .   b - +0 hat
rElec    .         Reflect  .   B - +0 cloak
rCorr    .         Harm     .   c - +0 pair of gloves
MR       +....                  y - +0 pair of boots
Stlth    ++........             z - amulet of magic regeneration
HPRegen  0.18/turn              g - -4 ring of evasion (curse)
MPRegen  0.46/turn              (no ring)

@: no status effects
A: no striking features
a: Renounce Religion


You were on level 8 of the Dungeon.
You worshipped Vehumet.
Vehumet was noncommittal.
You were hungry.

You visited 2 branches of the dungeon, and saw 9 of its levels.

You collected 571 gold pieces.

Inventory:

Hand Weapons
 r - a +2 trident of venom (weapon)
 L - a +0 longbow
 M - the +3 whip "Yrutt" {vorpal, rPois rN+}
   (You found it on level 7 of the Dungeon)

   It inflicts extra damage upon your enemies.
   It protects you from poison.
   It protects you from negative energy.
Missiles
 h - 86 bolts
 s - 89 arrows
Armour
 b - a +0 hat (worn)
 c - a +0 pair of gloves (worn)
 u - a +0 kite shield
 v - a +0 leather armour (worn)
 y - a +0 pair of boots (worn)
 B - a +0 cloak (worn)
 E - the cursed +1 ring mail of the First Lies {Str+6 Slay+3}
   (You took it off an orc on level 5 of the Dungeon)

   It affects your strength (+6).
   It affects your accuracy and damage with ranged weapons and melee attacks
   (+3).
   It has a curse placed upon it.
Jewellery
 g - a cursed -4 ring of evasion (left hand)
 z - an amulet of magic regeneration (around neck)
Wands
 p - a wand of iceblast (21)
 A - a wand of paralysis (10)
 F - a wand of polymorph (10)
Scrolls
 f - 12 scrolls of identify {unknown}
 i - 4 scrolls of teleportation {unknown}
 j - a scroll of amnesia {unknown}
 k - a scroll of fear {unknown}
 o - 2 scrolls of magic mapping {unknown}
 q - a scroll of random uselessness {unknown}
 t - a scroll of enchant armour {unknown}
 w - 2 scrolls of immolation {unknown}
 C - 2 scrolls of fog {unknown}
 G - a scroll of blinking {unknown}
 K - 2 scrolls of remove curse {unknown}
Potions
 a - 4 potions of flight {unknown}
 e - 2 potions of heal wounds {unknown}
 l - 2 potions of magic {unknown}
 m - a potion of mutation {unknown}
 n - 4 potions of curing
 x - 2 potions of lignification {unknown}
 D - a potion of cancellation {unknown}
 I - a potion of might {unknown}
 J - 2 potions of brilliance {unknown}
Comestibles
 d - 16 rations


   Skills:
 + Level 2.8 Fighting
 - Level 3.0 Armour
 - Level 3.0 Dodging
 - Level 3.1 Stealth
 - Level 2.0 Shields
 * Level 12.2 Spellcasting
 + Level 7.1 Conjurations
 - Level 1.1 Summonings
 - Level 1.1 Translocations
 + Level 6.4 Fire Magic
 - Level 1.0 Air Magic
 - Level 1.0 Poison Magic
 - Level 1.2 Evocations


You had 22 spell levels left.
You knew the following spells:

 Your Spells              Type           Power        Failure   Level  Hunger
a - Magic Dart            Conj           ####         1%          1    None
b - Mephitic Cloud        Conj/Pois/Air  ####....     4%          3    None
c - Call Imp              Summ           ###.....     5%          2    None
d - Blink                 Tloc           N/A          5%          2    None
e - Conjure Flame         Conj/Fire      ######..     1%          3    None

Your spell library contained the following spells:

 Spells                   Type           Power        Failure   Level  Hunger
 Summon Small Mammal      Summ           ###.         3%          1    None
 Animate Skeleton         Necr           N/A          6%          1    None
 Pain                     Necr           ###.         6%          1    None
 Slow                     Hex            ###.....     9%          2    None
 Call Canine Familiar     Summ           ###.....     11%         3    None
 Summon Guardian Golem    Hex/Summ       ###.....     14%         3    None
 Vampiric Draining        Necr           ###.......   19%         3    None
 Summon Lightning Spire   Summ/Air       ###.....     36%         4    None
 Summon Ice Beast         Ice/Summ       ###.....     43%         4    None
 Animate Dead             Necr           N/A          52%         4    None
 Agony                    Necr           ###.....     86%         5    ###....


Dungeon Overview and Level Annotations

Branches:
Dungeon (8/15)             Temple (1/1) D:7
   Lair: D:8-11

Altars:
Elyvilon
Gozag
Hepliaklqana
Makhleb
Nemelex Xobeh
Qazlal
Ru
Sif Muna
Trog
Uskayaw
Vehumet
Wu Jian
Xom
Yredelemnul
Zin
The Shining One

Shops:
D:7 %


Message History

The orc priest is severely wounded.
You kill the orc priest!
Vehumet accepts your kill.
You have reached level 10!
The centaur is engulfed in noxious fumes.
The centaur appears confused.
An orc priest comes into view. It is wielding a +0 dagger.
The orc warrior hits the orc priest with a +0 trident.
The orc priest shouts!
The orc priest calls upon Beogh to heal the orc warrior.
The orc warrior is healed somewhat.
The centaur is engulfed in noxious fumes.
Unknown command.
You hit the centaur.
The centaur is moderately wounded.
The orc warrior looks more healthy.
The orc warrior is engulfed in blazing flames.
Unknown command.
The centaur hits you.
You die...

#... ### # #..# #..
.#.... #.# #.#..### #
#o# #.#..#.###.# #.#
#.#........# #.#
#.#.........
#.####.###.#..c......
#..o..)o..)..@..###.
######)###.#.#.## #.#
#....... #.############
#............###########
############.##.<.......
#.##.######## #.##.#
#....#


You could see a centaur (confused) and an orc wizard (confused).

Vanquished Creatures
  Pikel (D:4)
  A troll (D:7)
  A hippogriff (D:7)
  Sigmund (D:4)
  Eustachio (D:5)
  Duvessa (D:6)
  A phantom (D:4)
  4 slaves (D:4)
  A sky beast (D:5)
  3 ogres
  2 necrophages (D:7)
  A centaur (D:7)
  Blork the orc (D:4)
  3 bullfrogs
  Dowan (D:6)
  4 scorpions
  A howler monkey (D:8)
  2 centaur zombies
  A bullfrog skeleton (D:5)
  7 orc priests
  7 hounds
  2 centaur skeletons (D:7)
  15 orc wizards
  Natasha (D:3)
  An iguana (D:6)
  3 worker ants
  A killer bee zombie (D:8)
  2 hound zombies (D:6)
  2 hound skeletons (D:7)
  10 adders
  A howler monkey skeleton (D:4)
  7 gnolls
  3 shadow imps
  2 oozes
  An adder skeleton (D:7)
  2 worms
  4 dart slugs
  5 leopard geckos
  37 orcs
  2 ball pythons
  3 giant cockroaches
  9 goblins
  10 hobgoblins
  9 jackals
  5 quokkas
  9 bats
  5 frilled lizards
  9 kobolds
  9 rats
214 creatures vanquished.

Vanquished Creatures (others)
  An orc (D:7)
1 creature vanquished.

Grand Total: 215 creatures vanquished

Notes
Turn   | Place    | Note
-------+----------+-------------------------------------------
     0 | D:1      | pokeman the Deep Elf Wizard began the quest for the Orb.
     0 | D:1      | Reached XP level 1. HP: 10/10 MP: 7/7
   333 | D:1      | Reached XP level 2. HP: 16/16 MP: 7/9
   813 | D:1      | Reached skill level 5 in Spellcasting
  1159 | D:1      | Reached XP level 3. HP: 20/20 MP: 9/11
  1164 | D:1      | Learned a level 3 spell: Mephitic Cloud
  1167 | D:1      | Learned a level 2 spell: Call Imp
  1170 | D:1      | Learned a level 2 spell: Blink
  1174 | D:1      | Learned a level 3 spell: Conjure Flame
  1716 | D:2      | Reached skill level 1 in Fighting
  1996 | D:2      | Reached skill level 1 in Armour
  2079 | D:2      | Reached XP level 4. HP: 25/25 MP: 2/13
  2903 | D:2      | Reached skill level 1 in Poison Magic
  3090 | D:3      | Found a basalt altar of Yredelemnul.
  3175 | D:3      | Noticed Natasha
  3186 | D:3      | Killed Natasha
  3186 | D:3      | Reached skill level 6 in Spellcasting
  3186 | D:3      | Reached XP level 5. HP: 29/29 MP: 5/15
  3486 | D:3      | Reached skill level 1 in Fire Magic
  3915 | D:3      | Found a burning altar of Makhleb.
  4126 | D:4      | Reached XP level 6. HP: 34/34 MP: 12/17
  4126 | D:4      | Noticed Blork the orc
  4135 | D:4      | Reached skill level 1 in Air Magic
  4139 | D:4      | Killed Blork the orc
  4139 | D:4      | Reached skill level 7 in Spellcasting
  4139 | D:4      | Reached skill level 1 in Evocations
  4636 | D:4      | Noticed Sigmund
  4639 | D:4      | Reached XP level 7. HP: 38/38 MP: 13/20
  4646 | D:4      | Killed Sigmund
  4740 | D:4      | Reached skill level 8 in Spellcasting
  5440 | D:4      | Noticed Pikel
  5457 | D:4      | Killed Pikel
  5457 | D:4      | Reached skill level 1 in Shields
  5457 | D:4      | Reached skill level 9 in Spellcasting
  5457 | D:4      | Reached XP level 8. HP: 31/44 MP: 16/23
  5712 | D:5      | Entered Level 5 of the Dungeon
  5712 | D:5      | Found a glowing silver altar of Zin.
  5712 | D:5      | Found a hide-covered altar of Uskayaw.
  5712 | D:5      | Noticed Eustachio
  5752 | D:5      | Reached skill level 5 in Conjurations
  5908 | D:5      | Identified the cursed +1 ring mail of the First Lies {Str+6
                  | Slay+3}
  6098 | D:5      | Reached skill level 10 in Spellcasting
  6501 | D:5      | Found a burning altar of Makhleb.
  6586 | D:5      | Killed Eustachio
  6712 | D:5      | Reached XP level 9. HP: 29/48 MP: 20/25
  7080 | D:6      | Reached skill level 5 in Fire Magic
  7252 | D:6      | Noticed Duvessa
  7252 | D:6      | Noticed Dowan
  7298 | D:6      | Killed Dowan
  7301 | D:6      | Killed Duvessa
  7336 | D:6      | Reached skill level 11 in Spellcasting
  7923 | D:7      | Found a stormy altar of Qazlal.
  8255 | D:7      | Found a staircase to the Ecumenical Temple.
  8363 | Temple   | Entered the Ecumenical Temple
  8400 | Temple   | Became a worshipper of Vehumet
  8640 | D:7      | Noticed a troll
  8656 | D:7      | Killed a troll
  8656 | D:7      | Reached skill level 12 in Spellcasting
  8949 | D:7      | Got a crude whip
  8950 | D:7      | Identified the +3 whip "Yrutt" {vorpal, rPois rN+} (You
                  | found it on level 7 of the Dungeon)
  9038 | D:7      | Found Gubokk's Food Shoppe.
  9304 | D:7      | Found a sparkling altar of Nemelex Xobeh.
  9566 | D:8      | HP: 1/49 [orc priest/+0 hand axe (4)]
  9567 | D:8      | Reached XP level 10. HP: 1/55 MP: 12/28
  9572 | D:8      | Slain by a centaur

Illustrated notes

Levels and vault maps discovered:
D:1:      dpeg_arrival_snail, layout_basic
D:2:      minmay_diamond_boxcup, layout_rooms, first_ration
D:3:      layout_loops_ring, lemuel_doored_altar, lemuel_round_altar,
          uniq_natasha
D:4:      layout_loops_corners, uniq_pikel, uniq_blork_the_orc, uniq_sigmund
D:5:      layout_rooms, grunt_temple_overflow_open, makhleb_heckhound_becter,
          uniq_eustachio
D:6:      layout_loops_cross, kennysheep_generic_room_5, uniq_duvessa
D:7:      layout_rooms, overflow_temple_1_default,
          minmay_temple_entry_offerings, basic_altar, serial_shops, shop
D:8:      minmay_separated_statues, layout_loops_ring,
          gammafunk_temple_overflow_claw
Temple:   nicolae_temple_great_sept

Skill      XL: |  1  2  3  4  5  6  7  8  9 |
---------------+----------------------------+-----
Spellcasting   | 5 6 7 9 10 12 | 12.2
Fighting       | 1 2 |  2.8
Conjurations   | 2 3 4 5 7 |  7.1
Armour         | 1 3 |  3.0
Poison Magic   | 1 |  1.0
Dodging        | 3 |  3.0
Fire Magic     | 1 2 3 4 6 |  6.4
Stealth        | 3 |  3.1
Air Magic      | 1 |  1.0
Evocations     | 1 |  1.2
Shields        | 1 2 |  2.0
Summonings     | |  1.1
Translocations | |  1.1

Action                   |  1- 3 |  4- 6 |  7- 9 | 10-12 || total
-------------------------+-------+-------+-------+-------++-------
Melee: Trident           |       |    31 |   197 |     1 ||   229
 Cast: Magic Dart        |    92 |    83 |   227 |       ||   402
       Mephitic Cloud    |       |    12 |    30 |       ||    42
       Conjure Flame     |       |     1 |    20 |       ||    21
       Blink             |       |     1 |       |       ||     1
 Stab: Confused          |       |     4 |    19 |       ||    23
       Sleeping          |       |     1 |     3 |       ||     4
  Eat: Chunk             |     3 |     8 |    15 |       ||    26
Armor: Robe              |     2 |     1 |       |       ||     3
       Leather armour    |       |     1 |    50 |       ||    51
Dodge: Dodged            |    11 |    31 |    59 |       ||   101
